 Dungeon Crawl Stone Soup version 0.28.0-43-g3370ac3207 (webtiles) character file.

Game seed: 12215082363868831922

84345 boopmooplesden the Swashbuckler (level 15, -4/144 HPs)
             Began as a Minotaur Berserker on Mar 13, 2022.
             Was a High Priest of Trog.
             Slain by a sun demon (17 damage)
             ... summoned by an orc sorcerer
             ... on level 2 of the Orcish Mines.
             The game lasted 00:39:09 (26257 turns).

boopmooplesden the Swashbuckler (MiBe)             Turns: 26257, Time: 00:39:09

Health: -4/144     AC: 22    Str: 26    XL:     15   Next: 34%
Magic:  14/14      EV: 19    Int:  6    God:    Trog [*****.]
Gold:   1994       SH:  0    Dex: 11    Spells: 14/14 levels left

rFire   . . .      SeeInvis .   T - +7 great sword (flame)
rCold   . . .      Faith    .   (shield currently unavailable)
rNeg    . . .      Spirit   .   J - +6 swamp dragon scales
rPois   +          Reflect  .   (helmet restricted)
rElec   .          Harm     .   u - +2 cloak {Stlth+}
rCorr   +          Rampage  .   F - +0 pair of gloves
Will    +....                   (no boots)
Stlth   +++.......              (no amulet)
HPRegen 0.34/turn               A - +4 ring of evasion
MPRegen 0.14/turn               e - ring of resist corrosion

@: on berserk cooldown, slowed, very slow
A: horns 2, retaliatory headbutt
a: Renounce Religion, Berserk, Trog's Hand, Brothers in Arms


You were on level 2 of the Orcish Mines.
You worshipped Trog.
Trog was extremely pleased with you.
You visited 3 branches of the dungeon, and saw 23 of its levels.
You also visited: Ossuary, Bailey and Volcano.

You collected 1994 gold pieces.

Inventory:

Hand Weapons
 s - the +7 short sword "Mozxia" {drain, rPois Dex+4}
   (You found it on level 6 of the Lair of Beasts)

   A truly terrible weapon, it drains the life of any living foe it strikes.
   Dex:       It affects your dexterity (+4).
   rPois:     It protects you from poison.
 v - a +0 hunting sling
 w - the +8 rapier of Armageddon {flame, rN++ Str+5}
   (You found it on level 5 of the Dungeon)

   It burns those it strikes, dealing additional fire damage.
   Str:       It affects your strength (+5).
   rN:        It greatly protects you from negative energy.
 B - the +7 shortbow of Governance {vorpal, rElec Str+2 Int+2}
   (You found it on level 6 of the Lair of Beasts)

   Any ammunition fired from it inflicts extra damage upon your enemies.
   Str:       It affects your strength (+2).
   Int:       It affects your intelligence (+2).
   rElec:     It insulates you from electricity.
 E - the +4 falchion "Gehai" {flame, Drain rF+ Int+2 SInv}
   (You found it on level 10 of the Dungeon)

   It burns those it strikes, dealing additional fire damage.
   Big, fiery blades are also staple armaments of hydra-hunters.
   Int:       It affects your intelligence (+2).
   rF:        It protects you from fire.
   SInv:      It lets you see invisible.
   Drain:     It drains your maximum health when unequipped.
 I - the +7 rapier of Jeatirue {vorpal, *Slow rF+ Will+ Str+2}
   (You found it on level 5 of the Lair of Beasts)

   It inflicts extra damage upon your enemies.
   Str:       It affects your strength (+2).
   rF:        It protects you from fire.
   *Slow:     It may slow you when you take damage.
   Will:      It increases your willpower.
 T - a +7 great sword of flaming (weapon)
 X - a +10 spectral long sword
 Y - a +3 triple sword
Missiles
 o - 6 silver boomerangs (quivered)
Armour
 u - a +2 cloak of stealth (worn)
 F - a +0 pair of gloves (worn)
 J - +6 swamp dragon scales (worn)
 Q - the +3 ring mail of Plasticity {Str+3 SInv}
   (You found it on level 12 of the Dungeon)

   Str:       It affects your strength (+3).
   SInv:      It lets you see invisible.
 S - a +1 plate armour of fire resistance
 V - a +4 scale mail of fire resistance
Jewellery
 a - a +4 ring of slaying
 e - a ring of resist corrosion (right hand)
 j - a ring of magical power
 l - a +6 ring of dexterity
 t - a ring of positive energy
 A - a +4 ring of evasion (left hand)
 K - a ring of see invisible
 M - an amulet of guardian spirit
 O - a ring of ice
 U - a +6 ring of strength
Wands
 p - a wand of polymorph (24)
 q - a wand of flame (27)
 y - a wand of iceblast (17)
 N - a wand of digging (14)
 Z - a wand of paralysis (6)
Scrolls
 g - 6 scrolls of identify
 h - 6 scrolls of fog
 k - 6 scrolls of magic mapping
 z - 11 scrolls of teleportation
 H - 4 scrolls of fear
 R - a scroll of summoning
Potions
 b - 2 potions of resistance
 c - a potion of lignification
 d - 3 potions of brilliance
 f - 2 potions of ambrosia
 i - 4 potions of curing
 m - 4 potions of heal wounds
 r - 3 potions of might
 x - 2 potions of cancellation
 C - 3 potions of flight
 D - 5 potions of invisibility
 G - a potion of magic
 P - a potion of haste {unknown}
 W - 3 potions of degeneration {unknown}
Miscellaneous
 n - a tin of tremorstones (2/2)
 L - a piece from Xom's chessboard (15/15)


   Skills:
 + Level 16.2 Fighting
 + Level 16.4(17.8) Short Blades
 + Level 12.8(16.9) Long Blades
 + Level 12.8 Armour
 + Level 12.5 Dodging
 + Level 5.4 Stealth


You had 14 spell levels left.
You didn't know any spells.
Your spell library was empty.

Dungeon Overview and Level Annotations

Branches:
Dungeon (15/15)            Temple (0/1) D:6            Lair (6/6) D:9
  Swamp (0/4) Lair:4        Snake (0/4) Lair:2        Slime (0/5) Lair:6
    Orc (2/2) D:11            Elf (0/3) Orc:2        Vaults (0/5) D:13
Ossuary (visited)          Bailey (visited)         Volcano (visited)
 Depths: D:15

Altars:
Cheibriados
Gozag
Kikubaaqudgha
Makhleb
Nemelex Xobeh
Xom
Jiyva

Shops:
D:1 !   D:14 **

Portals:
Trove: D:11 (give +3 storm dragon scales)

Annotations:
D:15 1 transporter, Yakesh's ghost, journeyman MiFi


Innate Abilities, Weirdness & Mutations

You have a pair of horns on your head.
You reflexively headbutt those who attack you in melee.


Message History

You slash the orc sorcerer! You burn the orc sorcerer.
The orc sorcerer is almost dead.
The orc closely misses you. The sun demon misses you.
The orc warrior completely misses you. You furiously retaliate!
You headbutt the orc warrior. The orc warrior misses you.
You furiously retaliate!
You headbutt the orc warrior.
The orc sorcerer hits you with a +0 dagger.
The orc priest hits you with a +0 flail.
The orc closely misses you. You furiously retaliate!
You headbutt the orc!
You kill the orc!
Trog accepts your kill. The orc completely misses you. The sun demon hits you!
You are engulfed in flames!!
* * * LOW HITPOINT WARNING * * *
The orc warrior misses you.
You closely miss the orc sorcerer.
The orc sorcerer is almost dead.
The orc warrior closely misses you. You furiously retaliate!
You headbutt the orc warrior.
The orc sorcerer points at you and mumbles some strange words.
The bolt of fire hits you but does no damage.
The orc priest calls upon Beogh to heal the orc warrior.
The orc warrior's wounds heal themselves!
The sun demon barely misses you. The orc closely misses you.
The orc warrior hits you with a +0 broad axe!
* * * LOW HITPOINT WARNING * * *
The orc warrior hits you with a +0 battleaxe.
* * * LOW HITPOINT WARNING * * *
The orc sorcerer completely misses you.
You feel much better.
The sun demon hits you but does no damage.
The orc priest misses you. The orc hits you but does no damage.
The orc warrior hits you with a +0 broad axe!
* * * LOW HITPOINT WARNING * * *
The orc warrior completely misses you.
The orc sorcerer hits you but does no damage.
The sun demon hits you!
* * * LOW HITPOINT WARNING * * *
You are engulfed in flames!
You die...

#...............
##................
##...............
##................
#.................
#.................
#.....)...........
#.$....))oo)......
##.......)@o......
#.......o3o......
#.$...............
#................#
#.................
#.................
##................
###..###.#..#.#.


You could see a sun demon (summoned), an orc sorcerer, 2 orc warriors, an orc
priest and an orc.

Vanquished Creatures
  Jorgrun (D:15)
  Snorg (Lair:5)
  2 rakshasas (D:15)
  8 hydras
  4 boulder beetles
  2 catoblepae
  2 dancing weapons (D:13)
  5 centaur warriors
  4 slime creatures
  A death knight (D:12)
  5 death yaks (Lair:6)
  A two-headed ogre (Bailey)
  A fire crab (Lair:6)
  A wizard (D:15)
  3 lindwurms (Lair:6)
  A phantasmal warrior (D:12)
  An orc knight (Orc:1)
  4 deep elf pyromancers
  3 orc sorcerers
  4 ugly things
  A wolf spider (D:14)
  6 manticores
  A cyclops (D:15)
  An oklob plant (Lair:6)
  4 elephants (Lair:6)
  A molten gargoyle (Lair:1)
  6 black mambas
  2 torpor snails (Lair:6)
  3 gargoyles (D:12)
  18 cane toads
  A smoke demon (Volcano)
  3 unseen horrors
  Maggie (D:6)
  A rime drake (shapeshifter) (D:15)
  A freezing wraith (D:14)
  A yaktaur (D:15)
  4 rime drakes
  8 komodo dragons
  10 polar bears (Lair:6)
  A troll (D:12)
  2 red devils (Volcano)
  A hornet (D:11)
  31 blink frogs
  2 raiju (Lair:6)
  4 shadows
  5 spriggans (Bailey)
  5 wraiths
  4 wyverns
  60 yaks
  8 basilisks
  Grum (D:11)
  9 wargs
  2 swamp worms (Lair:4)
  Edmund (D:5)
  4 nagas (Lair:2)
  14 hell hounds
  13 water moccasins
  3 acid dragons
  11 black bears (Lair:6)
  8 orc warriors
  3 sky beasts
  A necrophage (D:6)
  An ice beast (D:8)
  13 ogres
  9 centaurs
  2 phantoms
  17 wolves
  4 kobold brigands
  8 bullfrogs
  A wyvern zombie (D:7)
  A wyvern skeleton (D:5)
  A water moccasin skeleton (D:5)
  5 wights (D:7)
  2 electric eels (Lair:1)
  2 howler monkeys (D:8)
  10 centaur zombies
  2 bullfrog zombies
  5 jellies
  A gnoll shaman (D:10)
  2 centaur skeletons
  11 orc priests
  A bullfrog skeleton (D:6)
  Terence (D:2)
  An iguana (D:4)
  18 orc wizards
  A killer bee zombie (D:7)
  6 mummies (Ossuary)
  A howler monkey zombie (D:5)
  7 gnolls
  4 adders
  A white imp (D:7)
  An ufetubus (D:5)
  2 worms
  2 dart slugs
  41 orcs
  5 ball pythons
  6 endoplasms
  9 giant cockroaches
  8 goblins
  2 hobgoblins
  3 jackals (D:3)
  25 kobolds
  A quokka (D:2)
  3 bats
  A frilled lizard (D:3)
  4 hobgoblin zombies (Ossuary)
  3 rats (D:1)
574 creatures vanquished.

Vanquished Creatures (others)
  A cane toad (Lair:6)
  An orc (Orc:1)
  2 bushes (Lair:6)
  48 fungi
  58 plants
110 creatures vanquished.

Grand Total: 684 creatures vanquished

Notes
Turn   | Place    | Note
-------+----------+-------------------------------------------
     0 | D:1      | boopmooplesden the Minotaur Berserker began the quest for
                  | the Orb.
     0 | D:1      | Reached XP level 1. HP: 19/19 MP: 0/0
   268 | D:1      | Found Wiriyf's Distillery.
   309 | D:1      | Reached XP level 2. HP: 27/27 MP: 1/1
   470 | D:1      | Found a faded altar of an unknown god.
  1463 | D:2      | Identified the +2 ring mail "Immuth" {rC- Str+4 Dex+4}
  1671 | D:2      | Reached ** piety under Trog
  1672 | D:2      | Reached XP level 3. HP: 33/33 MP: 2/2
  1739 | D:2      | Noticed Terence
  1747 | D:2      | Killed Terence
  2358 | D:3      | Found a snail-covered altar of Cheibriados.
  2974 | D:3      | Reached XP level 4. HP: 40/40 MP: 3/3
  3199 | D:4      | Found a burning altar of Makhleb.
  3428 | D:4      | Reached skill level 5 in Long Blades
  3528 | D:4      | Reached XP level 5. HP: 45/47 MP: 4/4
  3839 | D:5      | Entered Level 5 of the Dungeon
  3923 | D:5      | Noticed Edmund
  3933 | D:5      | Killed Edmund
  3934 | D:5      | Reached XP level 6. HP: 53/53 MP: 5/5
  3989 | D:5      | Identified the +8 rapier of Armageddon {flame, rN++ Str+5}
  4119 | D:5      | Reached skill level 1 in Stealth
  4293 | D:5      | Reached skill level 5 in Armour
  4293 | D:5      | Reached XP level 7. HP: 60/60 MP: 6/6
  4457 | D:5      | Reached skill level 5 in Fighting
  4457 | D:5      | Reached skill level 1 in Short Blades
  4549 | D:5      | Reached *** piety under Trog
  4737 | D:5      | Found an opulent altar of Gozag.
  4931 | D:6      | Found a staircase to the Ecumenical Temple.
  5191 | D:6      | Reached XP level 8. HP: 68/68 MP: 7/7
  5410 | D:6      | Noticed Maggie
  5421 | D:6      | Killed Maggie
  5788 | D:7      | Noticed a slime creature
  5791 | D:7      | Noticed a slime creature
  5796 | D:7      | Noticed a slime creature
  5801 | D:7      | Killed a very large slime creature
  5802 | D:7      | Reached skill level 5 in Short Blades
  5802 | D:7      | Reached XP level 9. HP: 74/75 MP: 8/8
  6026 | D:7      | Found a sand-covered staircase.
  6091 | Ossuary  | Entered an ossuary
  6301 | D:7      | Reached **** piety under Trog
  7130 | D:8      | Reached skill level 5 in Dodging
  7553 | D:8      | Found a flagged portal.
  7568 | Bailey   | Entered a bailey
  7723 | Bailey   | Reached XP level 10. HP: 7/86 MP: 9/9
  8408 | Bailey   | Noticed a two-headed ogre
  8414 | Bailey   | Killed a two-headed ogre
  8742 | D:8      | Found an ancient bone altar of Kikubaaqudgha.
  9075 | D:9      | Reached skill level 10 in Short Blades
  9337 | D:9      | Killed a titanic slime creature
  9741 | D:9      | Found a staircase to the Lair.
 10187 | D:10     | Entered Level 10 of the Dungeon
 10212 | D:9      | Reached XP level 11. HP: 69/97 MP: 10/10
 10473 | D:10     | Found a sparkling altar of Nemelex Xobeh.
 10522 | D:10     | Identified the +4 falchion "Gehai" {flame, Drain rF+ Int+2
                  | SInv}
 10584 | D:10     | Reached ***** piety under Trog
 10876 | D:10     | Found a shimmering altar of Xom.
 11677 | D:11     | Noticed Grum
 11681 | D:11     | Killed Grum
 11696 | D:11     | Received a gift from Trog
 11697 | D:11     | Reached skill level 10 in Armour
 11697 | D:11     | Noticed a green ugly thing
 11706 | D:11     | Killed a green ugly thing
 11822 | D:11     | Found a portal to a secret trove of treasure.
 11934 | D:11     | Reached skill level 10 in Fighting
 12017 | D:11     | Found a staircase to the Orcish Mines.
 12325 | Lair:1   | Entered Level 1 of the Lair of Beasts
 13139 | Lair:1   | Noticed a seven-headed hydra
 13146 | Lair:1   | Killed a seven-headed hydra
 13949 | Lair:2   | Reached XP level 12. HP: 82/108 MP: 11/11
 14206 | Lair:2   | Found a staircase to the Snake Pit.
 14670 | Lair:2   | Noticed an eight-headed hydra
 14694 | Lair:2   | Identified the -4 pair of boots of Uquagon {Dex+3}
 14949 | Lair:2   | Killed an eight-headed hydra
 16739 | Lair:4   | Found a staircase to the Swamp.
 17217 | Lair:5   | Reached XP level 13. HP: 96/119 MP: 12/12
 17304 | Lair:5   | Noticed Snorg
 17314 | Lair:5   | Killed Snorg
 17406 | Lair:5   | Reached skill level 15 in Short Blades
 17576 | Lair:5   | Identified the +7 rapier of Jeatirue {vorpal, *Slow rF+
                  | Will+ Str+2}
 17602 | Lair:5   | Found a dark tunnel.
 17620 | Volcano  | Entered a volcano
 18541 | Lair:6   | Entered Level 6 of the Lair of Beasts
 18652 | Lair:6   | Reached skill level 10 in Dodging
 19410 | Lair:6   | Reached XP level 14. HP: 133/133 MP: 13/13
 19584 | Lair:6   | Reached ****** piety under Trog
 19839 | Lair:6   | Identified the +7 short sword "Mozxia" {drain, rPois Dex+4}
 20231 | Lair:6   | Reached skill level 15 in Fighting
 20425 | Lair:6   | Found a staircase to the Slime Pits.
 20573 | Lair:6   | Received a gift from Trog
 20970 | Lair:6   | Reached skill level 5 in Stealth
 21147 | Lair:6   | Identified the +7 shortbow of Governance {vorpal, rElec
                  | Str+2 Int+2}
 21303 | Lair:6   | Identified the +0 robe "Biqek" {rElec rN+ Will- Dex+9}
 22333 | D:12     | Reached skill level 10 in Long Blades
 22740 | D:12     | Identified the +3 ring mail of Plasticity {Str+3 SInv}
 23213 | D:13     | You fall into a shaft and drop 2 floors!
 23213 | D:15     | Entered Level 15 of the Dungeon
 23262 | D:15     | Reached XP level 15. HP: 39/143 MP: 14/14
 23441 | D:15     | Found a transporter.
 23443 | D:15     | Noticed Yakesh's ghost (journeyman MiFi)
 23490 | D:15     | Noticed Jorgrun
 23499 | D:15     | Killed Jorgrun
 23805 | D:14     | Found Neqel's Specific Store.
 23807 | D:14     | Found Feor's General Store.
 23859 | D:14     | Received a gift from Trog
 24550 | D:14     | Identified the +1 chain mail of Koezexog {rPois Int+2 Dex-3
                  | SInv}
 25105 | D:13     | Found a gate to the Vaults.
 25363 | D:13     | Found a viscous altar of Jiyva.
 25682 | Orc:1    | Entered Level 1 of the Orcish Mines
 26040 | Orc:2    | Entered Level 2 of the Orcish Mines
 26040 | Orc:2    | Found a staircase to the Elven Halls.
 26244 | Orc:2    | Paralysed by an orc sorcerer for 7 turns
 26257 | Orc:2    | Slain by a sun demon

Illustrated notes

Levels and vault maps discovered:
D:1:      lightli_arrival_statuegarden, layout_basic,
          shapermc_ecumenical_altar_petra, serial_shops, shop
D:2:      layout_basic, uniq_terence
D:3:      layout_basic, kennysheep_slug_shrine
D:4:      layout_basic, mainiacjoe_overflow_boulevard
D:5:      layout_cave_pods, lemuel_coloured_pillars_altar, uniq_edmund
D:6:      layout_basic, temple_doors_e, uniq_maggie
D:7:      layout_basic, lightli_ossuary_entry_decrepit_ruins,
          chequers_serial_rivers_small_a
D:8:      layout_loops_ring, kiku_gazebo_pond_becter, enter_bailey_2,
          nicolae_concentric_dashed_squares_mild
D:9:      layout_roguey, lair_entry_dummy
D:10:     layout_stronghold, nemelex_spade_bored_becter, xom_teletrap_fun,
          kennysheep_generic_room_12
D:11:     layout_cave_pools, orc_0_dummy, enter_trove_3, uniq_grum
D:12:     layout_gridville, hangedman_abyss_or_decor_lesser_grid
D:13:     layout_roguey, erik_vaults_1, jiyva_altar_1
D:14:     layout_stronghold, minmay_misc_feat_ornament, nicolae_specific_store
D:15:     gammafunk_enter_depths_forms, layout_gridville, gammafunk_ghost_arena,
          uniq_jorgrun
Lair:1:   layout_gridlike
Lair:2:   layout_regular_city, minmay_snake_entry_guardpost_small
Lair:3:   layout_chaotic_city
Lair:4:   layout_regular_city, minmay_swamp_entry_worms, grunt_megastairs_3
Lair:5:   layout_regular_city, nicolae_volcano_entry_lava_flow,
          grunt_megastairs_1, uniq_snorg
Lair:6:   hangedman_lair_caniforms_friends, layout_layer_cave,
          hangedman_lair_in_review, minmay_slime_entry_oklob_enclosed
Orc:1:    layout_caves
Orc:2:    st_orc_town, layout_diamond_mine

Skill      XL: |  1  2  3  4  5  6  7  8  9 10 11 12 13 14 15 |
---------------+----------------------------------------------+-----
Long Blades    | 4 5 6 7 8 11 12 | 12.8
Fighting       | 4 5 6 7 9 10 12 14 15 16 | 16.2
Armour         | 3 4 5 6 7 8 9 10 11 12 | 12.8
Dodging        | 3 4 5 6 7 9 10 12 | 12.5
Stealth        | 1 2 3 4 5 |  5.4
Short Blades   | 2 5 9 11 13 14 15 16 | 16.4

Action                   |  1- 3 |  4- 6 |  7- 9 | 10-12 | 13-15 || total
-------------------------+-------+-------+-------+-------+-------++-------
Melee: Falchion          |    69 |    41 |       |       |       ||   110
       Headbutt          |    10 |    13 |    34 |   103 |   184 ||   344
       Punch             |       |     1 |     5 |     5 |     7 ||    18
       Rapier            |       |     9 |   165 |   512 |   503 ||  1189
       Great sword       |       |       |       |       |   285 ||   285
Invok: Berserk           |       |     1 |     3 |    12 |    15 ||    31
  Use: Scroll            |     3 |       |    12 |    13 |     9 ||    37
       Potion            |       |       |     1 |     5 |     3 ||     9
 Stab: Sleeping          |       |       |     1 |     1 |     8 ||    10
       Distracted        |       |       |       |       |     1 ||     1
Armor: Ring mail         |    16 |    14 |    43 |     1 |       ||    74
       Animal skin       |     4 |       |       |       |       ||     4
       Swamp dragon scal |       |       |       |   188 |   356 ||   544
Dodge: Dodged            |    57 |    26 |    92 |   295 |   730 ||  1200
